 Dungeon Crawl Stone Soup version 0.27-a0-1101-ge311f74bc8 (webtiles) character file.

Game seed: 7258928426506645041

2930 tardwrangler69 the Geomancer (level 9, -1/39 HPs)
             Began as a Spriggan Earth Elementalist on Apr 28, 2021.
             Slain by a hound (2 damage)
             ... on level 7 of the Dungeon.
             The game lasted 00:12:51 (10801 turns).

tardwrangler69 the Geomancer (SpEE)                Turns: 10801, Time: 00:12:52

Health: -1/39      AC:  4    Str:  2 (4)  XL:     9   Next: 50%
Magic:  19/19      EV: 17    Int: 16 (19) God:
Gold:   342        SH:  0    Dex: 14 (16) Spells: 11/20 levels left

rFire    . . .     SeeInvis +   s - +0 trident (vorpal)
rCold    . . .     Faith    .   (shield currently unavailable)
rNeg     . . .     Spirit   .   c - +0 robe
rPois    .         Reflect  .   k - +2 hat
rElec    .         Harm     .   (no cloak)
rCorr    .         Rampage  .   (gloves unavailable)
Will     +....                  (boots unavailable)
Stlth    ++........             (no amulet)
HPRegen  0.13/turn              (no ring)
MPRegen  0.16/turn              (no ring)

@: lethally poisoned (-1 -> -5), very quick
A: very small, no large weapons, unfitting armour, see invisible, speed 3
a: no special abilities


You were on level 7 of the Dungeon.
You visited 2 branches of the dungeon, and saw 9 of its levels.

You collected 342 gold pieces.

Inventory:

Hand Weapons
 p - a +1 dagger of electrocution
 s - a +0 vorpal trident (weapon)
 u - a +4 dagger of venom
Missiles
 b - 84 stones
 i - 6 curare-tipped darts
Armour
 c - a +0 robe (worn)
 k - a +2 hat (worn)
 r - a +0 buckler
Wands
 a - a wand of flame (20)
 v - a wand of paralysis (7)
 y - a wand of polymorph (8)
Scrolls
 e - 6 scrolls of teleportation
 j - a scroll of enchant weapon
 w - a scroll of torment {unknown}
 x - a scroll of silence
 z - a scroll of blinking
Potions
 d - 2 potions of degeneration
 f - a potion of curing {unknown}
 g - a potion of heal wounds {unknown}
 h - a potion of flight {unknown}
 l - 3 potions of might
 m - a potion of attraction {unknown}
 n - a potion of mutation {unknown}
 o - a potion of haste {unknown}
 q - a potion of cancellation {unknown}
 t - 3 potions of resistance {unknown}


   Skills:
 - Level 0.5 Short Blades
 - Level 2.6 Dodging
 - Level 3.0 Stealth
 - Level 6.0 Spellcasting
 * Level 5.9 Conjurations
 - Level 1.3 Transmutations
 * Level 9.2 Earth Magic


You had 11 spell levels left.
You knew the following spells:

 Your Spells              Type           Power      Damage    Failure   Level
a - Sandblast             Erth           68%        2d15      1%          1
b - Stone Arrow           Conj/Erth      58%        3d10      1%          3
c - Lee's Rapid Deconstr  Erth           17%        3d11*     9%          5

Your spell library contained the following spells:

 Spells                   Type           Power      Damage    Failure   Level
 Magic Dart               Conj           92%        1d7       1%          1
 Passwall                 Tmut/Erth      17%        N/A       2%          2
 Beastly Appendage        Tmut           18%        N/A       8%          1
 Wereblood                Tmut           9%         N/A       12%         2
 Conjure Flame            Conj/Fire      14%        6-21      12%         3
 Petrify                  Tmut/Erth      21%        N/A       16%         4
 Mephitic Cloud           Conj/Pois/Air  11%        N/A       19%         3
 Blink                    Tloc           N/A        N/A       21%         2
 Call Imp                 Summ           4%         N/A       21%         2
 Slow                     Hex            4%         N/A       21%         2
 Spider Form              Tmut/Pois      3%         N/A       30%         3
 Ice Form                 Ice/Tmut       6%         N/A       71%         4
 Hydra Form               Tmut           4%         N/A       91%         5


Dungeon Overview and Level Annotations

Branches:
Dungeon (8/15)             Temple (1/1) D:7
   Lair: D:8-11

Altars:
Ashenzari
Cheibriados
Elyvilon
Fedhas
Gozag
Makhleb
Nemelex Xobeh
Okawaru
Qazlal
Ru
Trog
Uskayaw
Wu Jian
Xom
Yredelemnul
Zin
The Shining One

Shops:
D:4 :


Innate Abilities, Weirdness & Mutations

You are very small and have problems with some larger weapons.
You are too small for most types of armour.
You have supernaturally acute eyesight. (SInv)
You cover ground extremely quickly. (Speed+++)


Message History

Press: ? - help, Shift-Dir - straight line, f - wolf
Aim: a wolf (almost dead, 72% to hit)
The blast of sand hits the wolf.
You kill the wolf!
Magic restored.
Key pressed, stopping explore.
HP restored.
Done exploring.
Done exploring.
You climb downwards.
A kobold comes into view. It is wielding a +0 dagger.
The wolf closely misses you. The hound misses you. The killer bee stings you.
An electric eel comes into view.
The wolf barely misses you. The hound bites you.
The killer bee closely misses you.
The kobold throws a stone.
The stone misses you.
The stone barely misses the killer bee.
The electric eel shoots out a bolt of lightning at you!
The bolt of electricity misses you. The hound closely misses you.
The wolf bites you! The killer bee stings you!
You are poisoned.
The killer bee poisons you!
The kobold moves out of view.
You hear a bark!
You hear a howl!
You hear a shout!
There is a stone staircase leading up here.
You feel very sick.
The killer bee stings you but does no damage.
The wolf bites you but does no damage. The hound misses you.
The electric eel shoots out a bolt of lightning at you!
The bolt of electricity hits you!
* * * LOW HITPOINT WARNING * * *
The killer bee closely misses you.
You climb upwards.
* * * LOW HITPOINT WARNING * * *
You feel very sick.
There is a stone staircase leading down here.
It was a potion of degeneration.
There was something very wrong with that liquid.
You feel weakened.
You feel dopey.
You feel clumsy.
* * * LOW HITPOINT WARNING * * *
You feel sick. The wolf barely misses you. The hound bites you.
You die...

#......... #..#.##### #..#....#
#########.......#
#.......#.########
#.#####.#.........
#########.#####.#........#
########......##††..##.##.#...#.#
...............h@y.....##.#...#.#
########......#h##.######.#<#.#.#
.....# #......#.##'######.#.#.#.#
.....###......#.#.......#.#.#.#.#
......##....###.#.......#.#.#.#.#
#####.##....# #.#.......#.#.#.#.#
#..#....###.#.......#.#...#.#
######.#....'...........#.#.....#
.....#.#....###.........#.#.#...#


You could see a wolf, a hound and a killer bee.

Vanquished Creatures
  A two-headed ogre (D:7)
  Sigmund (D:2)
  A water moccasin (D:7)
  A black bear (D:6)
  2 sky beasts (D:7)
  An ogre (D:6)
  2 necrophages (D:6)
  2 wolves (D:7)
  A kobold brigand (D:7)
  2 scorpions (D:4)
  A wyvern skeleton (D:6)
  A water moccasin skeleton (D:6)
  2 killer bees (D:8)
  4 wights (D:7)
  A howler monkey (D:5)
  3 centaur zombies
  2 bullfrog zombies
  A gnoll shaman (D:4)
  2 orc priests
  2 hounds
  A centaur skeleton (D:6)
  Jessica (D:2)
  Terence (D:3)
  An iguana (D:3)
  3 orc wizards (D:5)
  A killer bee zombie (D:5)
  A hound skeleton (D:5)
  A howler monkey zombie (D:6)
  11 adders
  4 gnolls
  A shadow imp (D:6)
  A white imp (D:7)
  2 ufetubi
  2 dart slugs (D:3)
  21 orcs
  4 bats
  3 endoplasms
  2 giant cockroaches
  10 goblins
  13 hobgoblins
  2 jackals (D:3)
  3 quokkas
  5 ball pythons
  3 frilled lizards
  10 kobolds
  3 rats
143 creatures vanquished.

Notes
Turn   | Place    | Note
-------+----------+-------------------------------------------
     0 | D:1      | tardwrangler69 the Spriggan Earth Elementalist began the
                  | quest for the Orb.
     0 | D:1      | Reached XP level 1. HP: 9/9 MP: 5/5
   182 | D:1      | Reached skill level 3 in Earth Magic
   369 | D:1      | Reached XP level 2. HP: 13/13 MP: 7/7
  1503 | D:1      | Found a faded altar of an unknown god.
  1743 | D:2      | Reached XP level 3. HP: 16/16 MP: 5/8
  2187 | D:2      | Noticed Jessica
  2195 | D:2      | Killed Jessica
  2196 | D:2      | Reached skill level 4 in Earth Magic
  2196 | D:2      | Reached XP level 4. HP: 21/21 MP: 7/10
  2546 | D:2      | Noticed Sigmund
  2556 | D:2      | Killed Sigmund
  2557 | D:2      | Reached skill level 5 in Earth Magic
  2557 | D:2      | Reached XP level 5. HP: 24/24 MP: 7/13
  3249 | D:3      | Reached XP level 6. HP: 28/28 MP: 14/14
  3340 | D:3      | Reached skill level 5 in Spellcasting
  3440 | D:3      | Noticed Terence
  3467 | D:3      | Killed Terence
  3738 | D:2      | Learned a level 3 spell: Stone Arrow
  4458 | D:4      | Found Immax's Book Emporium.
  5062 | D:4      | Reached skill level 1 in Conjurations
  5264 | D:4      | Found a large runed translucent door.
  5265 | D:4      | Found a large runed translucent door.
  5395 | D:4      | Found a bloodstained altar of Trog.
  5401 | D:4      | Reached XP level 7. HP: 32/32 MP: 12/16
  5429 | D:4      | Found a sparkling altar of Nemelex Xobeh.
  5455 | D:5      | Entered Level 5 of the Dungeon
  5466 | D:5      | Reached skill level 6 in Earth Magic
  7328 | D:6      | Found a glowing golden altar of the Shining One.
  7328 | D:6      | Found a stormy altar of Qazlal.
  7342 | D:6      | Reached XP level 8. HP: 32/36 MP: 6/18
  7370 | D:6      | Reached skill level 7 in Earth Magic
  7561 | D:6      | Found an iron altar of Okawaru.
  7564 | D:6      | Found a burning altar of Makhleb.
  7623 | D:6      | Found a white marble altar of Elyvilon.
  8521 | D:6      | Learned a level 5 spell: Lee's Rapid Deconstruction
  8797 | D:7      | Noticed a two-headed ogre
  9034 | D:7      | Killed a two-headed ogre
  9035 | D:7      | Reached skill level 5 in Conjurations
  9035 | D:7      | Reached skill level 8 in Earth Magic
  9035 | D:7      | Reached XP level 9. HP: 39/39 MP: 9/19
  9493 | D:7      | Found a staircase to the Ecumenical Temple.
  9523 | Temple   | Entered the Ecumenical Temple
  9962 | D:7      | Reached skill level 9 in Earth Magic
 10371 | D:8      | Noticed a boulder beetle
 10801 | D:7      | HP: 1/39 [poisoned by a killer bee]
 10801 | D:7      | Slain by a hound

Illustrated notes

Levels and vault maps discovered:
D:1:      doesnt_arrival_eight_statues, layout_basic,
          shapermc_ecumenical_altar_totnotflames
D:2:      layout_basic, kennysheep_generic_room_2, uniq_jessica, uniq_sigmund
D:3:      layout_basic, uniq_terence
D:4:      layout_basic, jmf_multi_god_temple2, serial_shops, shop
D:5:      layout_rooms
D:6:      layout_gridville, grunt_temple_overflow_open
D:7:      layout_basic, minmay_temple_entry_mist
D:8:      layout_cave_pools, riverfiend_overflow_shadow_ancestor,
          erik_lair_island
Temple:   cyrus_temple_forest

Skill      XL: |  1  2  3  4  5  6  7  8  9 |
---------------+----------------------------+-----
Earth Magic    | 3 4 5 6 8 9 |  9.2
Spellcasting   | 3 4 5 6 |  6.0
Conjurations   | 1 3 5 |  5.9
Short Blades   | |  0.5
Dodging        | |  2.6
Stealth        | |  3.0
Transmutations | |  1.3

Action                   |  1- 3 |  4- 6 |  7- 9 || total
-------------------------+-------+-------+-------++-------
Melee: Short sword       |    71 |    81 |       ||   152
       Unarmed           |     2 |       |       ||     2
       Trident           |       |    63 |    39 ||   102
 Cast: Sandblast         |    26 |    48 |    28 ||   102
       Stone Arrow       |       |       |   103 ||   103
  Use: Scroll            |       |     8 |       ||     8
       Potion            |       |       |     1 ||     1
 Stab: Sleeping          |     2 |     7 |     1 ||    10
Armor: Robe              |     5 |     6 |    16 ||    27
       Skin              |       |     5 |       ||     5
Dodge: Dodged            |    67 |   143 |   102 ||   312

Table legend: (Time is in decaauts)
 A = Elapsed time spent in this place.
 B = Non-inter-level travel time spent in this place.
 C = Inter-level travel time spent in this place.
 D = Time resting spent in this place.
 E = Time spent auto-exploring this place.
 F = Levels seen in this place.
 G = Mean time per level.
                   A        B        C        D        E       F      G
               +--------+--------+--------+--------+--------+-----+--------+
         Total |   9025 |   8831 |    194 |   1041 |   6737 |   9 | 1002.8 |
       Dungeon |   8976 |   8798 |    178 |   1041 |   6704 |   8 | 1122.0 |
        Temple |     49 |     34 |     15 |      0 |     32 |   1 |   49.0 |
               +--------+--------+--------+--------+--------+-----+--------+

Top non-repeatable levels by time:
     D:6: 1813 daAuts
     D:4: 1767 daAuts
     D:1: 1370 daAuts
     D:7: 1203 daAuts
     D:2: 1188 daAuts
     D:3: 982 daAuts
     D:5: 605 daAuts
  Temple: 49 daAuts
     D:8: 45 daAuts
